 Dungeon Sprint DCSS version 0.28.0-43-g3370ac3207 (webtiles) character file.

Game seed: 14705454597629913092

9282 boopmooplesden the Executioner (level 11, -6/186 HPs)
             Began as a Minotaur Berserker on Mar 10, 2022.
             Was a High Priest of Trog.
             Mangled by a red devil
             ... wielding a +0 trident
             ... summoned by a kobold demonologist
              (20 damage)
             ... in the Dungeon (Sprint II: "The Violet Keep of Menkaure").
             The game lasted 00:05:55 (2159 turns).

boopmooplesden the Executioner (Minotaur Berserker) Turns: 2159, Time: 00:05:55

Health: -6/186     AC:  0    Str: 29    XL:     11   Next: 21%
Magic:  10/10      EV: 16    Int:  4    God:    Trog [*****.]
Gold:   1012       SH:  0    Dex: 11    Spells: 10/10 levels left

rFire   + . .      SeeInvis .   k - +2 broad axe (flame)
rCold   . . .      Faith    .   (no shield)
rNeg    . . .      Spirit   .   i - +0 leather armour of Hyularar {*Corrode rF+ Will+ Str+4}
rPois   .          Reflect  .   (helmet restricted)
rElec   .          Harm     .   (no cloak)
rCorr   .          Rampage  .   j - +1 pair of gloves {Stlth+}
Will    +....      NoTele   +   c - +0 pair of boots
Stlth   ..........              (no amulet)
HPRegen 0.41/turn               (no ring)
MPRegen 0.12/turn               (no ring)

@: berserking, corroded, slow
A: horns 2, retaliatory headbutt
a: Renounce Religion, Berserk, Trog's Hand, Brothers in Arms


You were in the Dungeon.
You worshipped Trog.
Trog was extremely pleased with you.
You visited 1 branch You collected 1482 gold pieces.
You spent 470 gold pieces at shops.

Inventory:

Hand Weapons
 a - a +0 hand axe
 k - a +2 broad axe of flaming (weapon)
Armour
 b - a +0 animal skin
 c - a +0 pair of boots (worn)
 i - the +0 leather armour of Hyularar (worn) {*Corrode rF+ Will+ Str+4}
   (You bought it in a shop in the Dungeon)

   Str:       It affects your strength (+4).
   rF:        It protects you from fire.
   *Corrode:  It may corrode you when you take damage.
   Will:      It increases your willpower.
 j - a +1 pair of gloves of stealth (worn)
Jewellery
 m - a +6 ring of strength
 o - a +4 ring of evasion
Potions
 d - 2 potions of heal wounds
 e - 4 potions of haste
 f - 5 potions of magic
 g - 3 potions of berserk rage
 q - 3 potions of resistance
 r - 3 potions of flight
 s - a potion of might {unknown}
 t - a potion of ambrosia {unknown}
 u - a potion of curing
 w - 2 potions of lignification {unknown}


   Skills:
 + Level 19.6 Fighting
 + Level 21.1 Axes
 + Level 9.1 Armour
 + Level 11.5 Dodging
 + Level 3.7 Stealth


You had 10 spell levels left.
You didn't know any spells.
Your spell library was empty.

Dungeon Overview and Level Annotations

Branches:
Dungeon (1/1)

Altars:
Cheibriados
Dithmenos
Elyvilon
Fedhas
Gozag
Hepliaklqana
Kikubaaqudgha
Makhleb
Nemelex Xobeh
Okawaru
Qazlal
Ru
Sif Muna
Trog
Uskayaw
Vehumet
Wu Jian
Xom
Yredelemnul
Zin
The Shining One
Beogh
Jiyva
Lugonu

Shops:
D *!:[=:?[([:=!=[

Annotations:
D exclusions: oklob plant and orange crystal statue


Innate Abilities, Weirdness & Mutations

You have a pair of horns on your head.
You reflexively headbutt those who attack you in melee.


Message History

The chaos spawn gores you.
Your unstable footing causes you to fumble your attack.
The kobold demonologist miscasts a cantrip.
The chaos spawn misses you.
You completely miss the chaos spawn.
The chaos spawn is moderately wounded.
The chaos spawn hits you!
* * * LOW HITPOINT WARNING * * *
The chaos spawn shocks you!
* * * LOW HITPOINT WARNING * * *
You barely miss the chaos spawn.
The chaos spawn is moderately wounded.
A red film seems to cover your vision as you go berserk!
You feel yourself moving faster!
You feel mighty! The chaos spawn hits you.
* * * LOW HITPOINT WARNING * * *
Your unstable footing causes you to fumble your attack.
The chaos spawn hits you!
* * * LOW HITPOINT WARNING * * *
You slash the chaos spawn! You burn the chaos spawn.
The chaos spawn is severely wounded.
You slash the chaos spawn! You burn the chaos spawn.
You kill the chaos spawn!
The chaos spawn degenerates into a cloud of primal chaos!
You hit the kobold demonologist but do no damage.
You headbutt the kobold demonologist!
The kobold demonologist is moderately wounded.
Your unstable footing causes you to fumble your attack.
Your unstable footing causes you to fumble your attack.
The kobold demonologist is engulfed in seething chaos.
The kobold demonologist hits you with a +0 dagger of venom.
* * * LOW HITPOINT WARNING * * *
Your unstable footing causes you to fumble your attack.
Your unstable footing causes you to fumble your attack.
The kobold demonologist mumbles some strange words.
You hit the kobold demonologist. You burn the kobold demonologist.
The kobold demonologist is heavily wounded.
You hit the kobold demonologist. You burn the kobold demonologist.
The kobold demonologist is heavily wounded.
The red devil hits you from afar with a +0 trident!!
You die...

##....⌠...#≈≈≈≈##.#≈##.####
##...∩.∩..#≈≈≈≈#.≈#†.#....#
##..∩.∩.∩.#≈≈####.#)####..##
##.∩.∩.∩.∩#≈##)###'###.##..#
##∩.....∩.#≈#..###.##...#..#
##.∩.....∩'≈'##†'.<)'##.'..#
##∩.......#≈#..###.##...#...
#▓▓▓▓▓▓▓###K##.###'###.##...
##)..######@≈####...####≈§..
#[$.#s ##≈4≈#.##..#≈≈≈≈§≈
#∩P)+.! #'#≈## ####≈§§≈≈≈
#(.$#)## #.#≈≈# #≈≈≈≈≈§§
#[).###. ### ≈≈≈ ≈≈≈≈≈≈≈§≈
++#+++#≈≈≈≈≈ ≈ ##§§§# ≈#


You could see a kobold demonologist and a red devil (summoned).

Vanquished Creatures
  A kraken (D)
  Kirke (D)
  A yaktaur captain (D)
  2 boulder beetles (D)
  A centaur warrior (D)
  2 deep trolls (D)
  A skeletal warrior (D)
  An elephant (D)
  A yaktaur (D)
  3 polar bears (D)
  A hornet (D)
  A blink frog (D)
  4 neqoxecs (D)
  Menkaure (D)
  4 water moccasins (D)
  4 necrophages (D)
  4 scorpions (D)
  A spectral bat (D)
  A spectral giant cockroach (D)
  4 tentacles (D)
39 creatures vanquished.

Vanquished Creatures (others)
  8 tentacles (D)
8 creatures vanquished.

Grand Total: 47 creatures vanquished

Notes
Turn   | Place    | Note
-------+----------+-------------------------------------------
     0 | D        | boopmooplesden the Minotaur Berserker began the quest for
                  | the Orb.
     0 | D        | Reached XP level 1. HP: 19/19 MP: 0/0
     1 | D        | Noticed a boulder beetle
     1 | D        | Noticed a boulder beetle
     4 | D        | Noticed a necrophage
     4 | D        | Noticed a necrophage
     4 | D        | Noticed a necrophage
     4 | D        | Noticed a necrophage
    10 | D        | Killed a necrophage
    11 | D        | Reached skill level 7 in Axes
    11 | D        | Reached XP level 2. HP: 34/34 MP: 1/1
    11 | D        | Reached XP level 3. HP: 39/39 MP: 2/2
    11 | D        | Reached XP level 4. HP: 47/47 MP: 3/3
    16 | D        | Killed a necrophage
    17 | D        | Reached skill level 8 in Axes
    17 | D        | Reached XP level 5. HP: 52/56 MP: 4/4
    19 | D        | Killed a necrophage
    19 | D        | Reached ** piety under Trog
    19 | D        | Killed a necrophage
    20 | D        | Reached skill level 10 in Fighting
    20 | D        | Reached skill level 10 in Axes
    20 | D        | Reached skill level 5 in Armour
    20 | D        | Reached skill level 5 in Dodging
    20 | D        | Reached XP level 6. HP: 37/67 MP: 5/5
   150 | D        | Noticed a neqoxec
   150 | D        | Noticed a neqoxec
   150 | D        | Noticed a neqoxec
   150 | D        | Noticed a neqoxec
   155 | D        | Killed a neqoxec
   156 | D        | Reached skill level 11 in Axes
   157 | D        | Killed a neqoxec
   157 | D        | Reached *** piety under Trog
   158 | D        | Reached skill level 12 in Axes
   158 | D        | Reached XP level 7. HP: 75/75 MP: 6/6
   162 | D        | Killed a neqoxec
   163 | D        | Reached skill level 13 in Axes
   163 | D        | Killed a neqoxec
   250 | D        | Reached **** piety under Trog
   257 | D        | Reached XP level 8. HP: 32/86 MP: 7/7
   264 | D        | Reached skill level 14 in Axes
   536 | D        | Found Ekoas's Distillery.
   536 | D        | Found Ynau's Jewellery Shoppe.
   536 | D        | Found Caamer's Book Emporium.
   536 | D        | Found Doune's Jewellery Emporium.
   536 | D        | Found Sier Iqi's Antique Weapon Shoppe.
   536 | D        | Found Muvylaja's Antique Armour Shoppe.
   537 | D        | Found Kamem's Antique Armour Shoppe.
   537 | D        | Found Ynumpe Jane's Magic Scroll Emporium.
   538 | D        | Found Deamp's Armour Emporium.
   538 | D        | Found Irenu's Book Emporium.
   538 | D        | Noticed Menkaure
   538 | D        | Noticed a slime creature
   538 | D        | Noticed a slime creature
   550 | D        | Killed Menkaure
   552 | D        | Found Qopompio's Jewellery Shoppe.
   552 | D        | Found Veewki's Armour Emporium.
   552 | D        | Noticed a slime creature
   552 | D        | Noticed an oklob plant
   553 | D        | Found Puny's Distillery.
   553 | D        | Found Toime's General Store.
   553 | D        | Found Ycrim's Book Shoppe.
   559 | D        | Bought a translucent leather armour for 133 gold pieces
   559 | D        | Identified the +0 leather armour of Hyularar {*Corrode rF+
                  | Will+ Str+4} (You bought it in a shop in the Dungeon)
   559 | D        | Bought a pair of embroidered gloves for 142 gold pieces
   585 | D        | Bought a +0 broad axe of flaming for 119 gold pieces
   638 | D        | Noticed a blink frog
   658 | D        | Killed a blink frog
   658 | D        | Reached ***** piety under Trog
   659 | D        | Reached skill level 15 in Axes
   848 | D        | Found a hazy altar of Hepliaklqana.
   848 | D        | Found a snail-covered altar of Cheibriados.
   849 | D        | Found a stormy altar of Qazlal.
   849 | D        | Found a viscous altar of Jiyva.
   849 | D        | Found a shadowy altar of Dithmenos.
   850 | D        | Found a sacrificial altar of Ru.
   850 | D        | Found an ancient bone altar of Kikubaaqudgha.
   850 | D        | Found a white marble altar of Elyvilon.
   851 | D        | Found an ornate altar of the Wu Jian Council.
   851 | D        | Found a shimmering blue altar of Sif Muna.
   851 | D        | Found a corrupted altar of Lugonu.
   852 | D        | Found a shimmering altar of Xom.
   852 | D        | Found a bloodstained altar of Trog.
   852 | D        | Found a burning altar of Makhleb.
   853 | D        | Found a glowing golden altar of the Shining One.
   853 | D        | Found a basalt altar of Yredelemnul.
   853 | D        | Found a hide-covered altar of Uskayaw.
   854 | D        | Found a glowing silver altar of Zin.
   855 | D        | Noticed a yaktaur
   855 | D        | Noticed a hornet
   855 | D        | Noticed a polar bear
   855 | D        | Noticed a polar bear
   862 | D        | Killed a polar bear
   863 | D        | Noticed a polar bear
   866 | D        | Killed a polar bear
   867 | D        | Killed a hornet
   867 | D        | Received a gift from Trog
   868 | D        | Reached skill level 16 in Axes
   868 | D        | Reached XP level 9. HP: 96/96 MP: 8/8
   873 | D        | Killed a polar bear
   874 | D        | Reached skill level 15 in Fighting
   876 | D        | Killed a yaktaur
   877 | D        | Reached skill level 17 in Axes
   922 | D        | Found a radiant altar of Vehumet.
   965 | D        | Noticed a kraken
  1461 | D        | Found a sparkling altar of Nemelex Xobeh.
  1461 | D        | Found a blossoming altar of Fedhas.
  1462 | D        | Found an iron altar of Okawaru.
  1462 | D        | Found an opulent altar of Gozag.
  1470 | D        | Noticed a deep troll
  1472 | D        | Noticed a deep troll
  1476 | D        | Killed a deep troll
  1477 | D        | Killed a deep troll
  1477 | D        | Received a gift from Trog
  1478 | D        | Reached skill level 18 in Axes
  1478 | D        | Reached XP level 10. HP: 98/108 MP: 9/9
  1632 | D        | Noticed an orange crystal statue
  1667 | D        | Killed a kraken
  1668 | D        | Reached skill level 19 in Axes
  1668 | D        | Reached skill level 10 in Dodging
  1668 | D        | Reached skill level 1 in Stealth
  1824 | D        | Killed a boulder beetle
  1830 | D        | Killed a boulder beetle
  1831 | D        | Reached skill level 20 in Axes
  1865 | D        | Bought a pair of boots for 76 gold pieces
  1890 | D        | Noticed Kirke
  1890 | D        | Noticed a yaktaur captain
  1890 | D        | Noticed a skeletal warrior
  1914 | D        | Killed a skeletal warrior
  1948 | D        | Killed Kirke
  1949 | D        | Reached XP level 11. HP: 99/121 MP: 10/10
  1993 | D        | Noticed a centaur warrior
  2007 | D        | Killed a yaktaur captain
  2108 | D        | Received a gift from Trog
  2127 | D        | Killed a centaur warrior
  2128 | D        | Reached skill level 21 in Axes
  2159 | D        | Mangled by a red devil

Illustrated notes

Levels and vault maps discovered:
D:        the_violet_keep_of_menkaure [sprint2_stairs_cluster_1,
          sprint2_shoproom, sprint2_temple, sprint2_basic_supplies,
          sprint2_obstacle_5, sprint2_obstacle_4, sprint2_obstacle_7,
          sprint2_obstacle_3, sprint2_obstacle_6, sprint2_timed_cluster_1,
          sprint2_smallroom_cluster_1, sprint2_smallroom_final_cluster_1,
          sprint2_transparent_cluster_1, sprint2_second_timed_cluster_1,
          sprint2_sniper_area_1, sprint2_heavy_combat_area_1,
          sprint2_mutation_trap_area_1, sprint2_forest_area_1,
          sprint2_light_combat_area_1, sprint2_behind_water_1,
          sprint2_near_end_vault_1]

Skill      XL: |  1  2  3  4  5  6  7  8  9 10 11 |
---------------+----------------------------------+-----
Fighting       | 7 8 10 11 13 14 16 18 19 | 19.6
Axes           | 7 8 10 12 13 16 18 20 21 | 21.1
Armour         | 4 5 6 7 8 9 |  9.1
Dodging        | 3 4 5 6 7 8 9 11 | 11.5
Stealth        | 3 |  3.7

Action                   |  1- 3 |  4- 6 |  7- 9 | 10-12 || total
-------------------------+-------+-------+-------+-------++-------
Melee: Hand axe          |     5 |    14 |    30 |       ||    49
       Headbutt          |       |     3 |    14 |    17 ||    34
       Broad axe         |       |       |    35 |    73 ||   108
       Punch             |       |       |       |     1 ||     1
Invok: Berserk           |     1 |     1 |     2 |     4 ||     8
  Use: Scroll            |       |       |     7 |     1 ||     8
       Potion            |       |       |     1 |     1 ||     2
Armor: Animal skin       |     1 |     2 |     1 |       ||     4
       Leather armour    |       |       |    10 |     9 ||    19
Dodge: Dodged            |       |     7 |    52 |    21 ||    80
